[Event "Titled Tuesday Blitz April 19 Late 2022"]
[White "Arabidze, Meri"]
[Black "Kollars, Dmitrij"]
[WhiteFideId "13604040"]
[BlackFideId "12909572"]
[WhiteElo "2335"]
[BlackElo "2584"]
[Result "0-1"]
[Round "04"]
[TimeControl "180+1"]
[Date "2022.04.19"]
[WhiteClock "0:00:01"]
[BlackClock "0:00:10"]

1. Nf3 Nf6 2. b3 g6 3. Bb2 Bg7 4. g3 O-O 5. Bg2 d5 6. O-O Nc6 7. e3 Bg4 8. h3 Bxf3 9. Bxf3 e5 10. Bg2 Re8 11. c4 d4 12. e4 Nd7 13. d3 Nc5 14. Na3 Nb4 15. Qd2 Ncxd3 16. Nc2 Nxc2 17. Qxc2 Nb4 18. Qd2 a5 19. a3 Nc6 20. b4 Qe7 21. c5 h5 22. Rfd1 h4 23. g4 Kh7 24. Bf1 Bh6 25. Qe1 axb4 26. axb4 Qe6 27. b5 Ne7 28. Qb4 Qf6 29. Qb3 Kg7 30. Bc4 Red8 31. Ra3 Rxa3 32. Qxa3 Nc8 33. Bd5 c6 34. bxc6 bxc6 35. Bc4 Ne7 36. Qa7 Bg5 37. Kg2 Rc8 38. Rd3 Bf4 39. Rb3 Rd8 40. Rb7 Bg5 41. Qb6 Rf8 42. Qc7 Qf4 43. Bd3 Qd2 44. Qxe5+ Bf6 45. Qd6 Qxd3 46. Rxe7 Bxe7 47. Qxe7 Qc4 48. Qe5+ f6 49. Qxd4 Qxd4 50. Bxd4 Rd8 51. Be3 Rd1 52. g5 f5 53. exf5 gxf5 54. Kf3 Kg6 55. Kg2 Rb1 56. Kf3 Rb4 57. Bf4 Rc4 58. Be3 Kh5 59. Kg2 f4 60. Bd2 Kxg5 61. Kf3 Kf5 62. Be1 Rxc5 63. Bd2 Rc4 64. Kg2 c5 0-1


[Site "https://www.chess.com"]

[Event "Titled Tuesday Blitz April 19 Late 2022"]
[White "Avramidou, Anastasia"]
[Black "Romero Ruscalleda, Josep"]
[WhiteFideId "4239873"]
[BlackFideId "2231859"]
[WhiteElo "2183"]
[BlackElo "2314"]
[Result "1-0"]
[Round "04"]
[TimeControl "180+1"]
[Date "2022.04.19"]
[WhiteClock "0:00:13"]
[BlackClock "0:00:06"]

1. c4 g6 2. d4 Bg7 3. Nc3 d6 4. e4 e5 5. d5 Ne7 6. Be3 O-O 7. Qd2 f5 8. f3 Nd7 9. Bd3 Nf6 10. Bc2 fxe4 11. Nxe4 Nf5 12. Bf2 Bh6 13. Qc3 Nxe4 14. Bxe4 Qg5 15. g4 Nd4 16. h4 Qf4 17. g5 Bg7 18. Qd2 Bd7 19. Qxf4 exf4 20. O-O-O Nf5 21. Ne2 Be5 22. h5 Rae8 23. b3 Ng3 24. Bxg3 fxg3 25. hxg6 hxg6 26. Bxg6 Rxf3 27. Bxe8 Bxe8 28. Kd2 Bg6 29. Rh4 Rf5 30. Rg4 Bh5 31. Rh4 Rxg5 32. Rg1 Bg6 33. Rh3 g2 34. Ke3 Kg7 35. Rf3 Bh5 36. Rf2 Bh2 37. Rgxg2 1-0


[Site "https://www.chess.com"]

[Event "Titled Tuesday Blitz April 19 Late 2022"]
[White "Baches Garcia, Guillermo"]
[Black "Balint, Vilmos"]
[WhiteFideId "2209764"]
[BlackFideId "718050"]
[WhiteElo "2508"]
[BlackElo "2059"]
[Result "1/2-1/2"]
[Round "04"]
[TimeControl "180+1"]
[Date "2022.04.19"]
[WhiteClock "0:00:05"]
[BlackClock "0:01:04"]

1. e4 e6 2. Nf3 d5 3. exd5 exd5 4. d4 Nf6 5. Bd3 Bg4 6. O-O Be7 7. Bg5 O-O 8. Nbd2 c6 9. c3 Nbd7 10. Qc2 Bh5 11. Rae1 Bg6 12. Ne5 Bxd3 13. Qxd3 Nxe5 14. dxe5 Ne8 15. Bxe7 Qxe7 16. f4 g6 17. f5 Nc7 18. Qh3 Rfe8 19. Nf3 gxf5 20. Qxf5 Ne6 21. Re3 Kh8 22. Nd4 Rg8 23. Qxf7 Rae8 24. Qxe7 Rxe7 25. Nf5 Rf7 26. Nd6 Rxf1+ 27. Kxf1 b6 28. Rf3 Rg4 29. Rf6 Nc5 30. e6 Ne4 31. Rf8+ Kg7 32. Rf7+ Kg6 33. Nxe4 Rxe4 34. Rxa7 Rxe6 35. a4 Kf5 36. Rb7 c5 37. a5 bxa5 38. Rb5 Rc6 39. Rxa5 Ke4 40. b4 c4 41. Ke2 Rh6 42. h3 Rg6 43. Kf2 Rf6+ 44. Ke2 Rg6 45. Kf2 Rf6+ 46. Ke2 Rg6 1/2-1/2


[Site "https://www.chess.com"]

[Event "Titled Tuesday Blitz April 19 Late 2022"]
[White "Bachmann, Axel"]
[Black "Gu, Xiaobing"]
[WhiteFideId "3700488"]
[BlackFideId "8602611"]
[WhiteElo "2587"]
[BlackElo "2174"]
[Result "0-1"]
[Round "04"]
[TimeControl "180+1"]
[Date "2022.04.19"]
[WhiteClock "0:00:14"]
[BlackClock "0:01:09"]

1. d4 Nf6 2. g3 g6 3. Bg2 Bg7 4. e4 d6 5. Ne2 O-O 6. O-O c6 7. a4 Nbd7 8. Nbc3 e5 9. h3 Qc7 10. g4 exd4 11. Nxd4 Nc5 12. Re1 Re8 13. Bf4 Nfd7 14. Nde2 Ne5 15. b3 Be6 16. Qd2 Rad8 17. Ng3 Qa5 18. Re3 d5 19. exd5 Bxd5 20. Bxd5 cxd5 21. Nce4 Qxd2 22. Nxd2 Nf3+ 23. Nxf3 Bxa1 24. Be5 Bxe5 25. Nxe5 d4 26. Re1 f6 27. Nf3 Rxe1+ 28. Nxe1 d3 29. cxd3 Nxb3 30. Ne4 Kf7 31. Kf1 Nc1 32. Nc5 b6 33. Ne4 Nxd3 34. Nf3 Nc5 35. Nc3 Rd3 0-1


[Site "https://www.chess.com"]

[Event "Titled Tuesday Blitz April 19 Late 2022"]
[White "Barrientos, Sergio E"]
[Black "Kovanova, Baira"]
[WhiteFideId "4401824"]
[BlackFideId "4164083"]
[WhiteElo "2694"]
[BlackElo "2510"]
[Result "1-0"]
[Round "04"]
[TimeControl "180+1"]
[Date "2022.04.19"]
[WhiteClock "0:01:39"]
[BlackClock "0:00:18"]

1. d4 Nf6 2. Nf3 e6 3. c4 d5 4. Nbd2 Bb4 5. g3 O-O 6. Bg2 dxc4 7. O-O a6 8. Nxc4 Nc6 9. e3 Rb8 10. a3 Be7 11. Qc2 b5 12. Nce5 Nxe5 13. Nxe5 Bb7 14. Bxb7 Rxb7 15. Bd2 c5 16. Nc6 Qd5 17. Nxe7+ Rxe7 18. Qxc5 Qxc5 19. dxc5 Ne4 20. Rfd1 f5 21. Rac1 Rd7 22. Bb4 Rc7 23. f3 Ng5 24. Kg2 e5 25. h4 Nf7 26. Ba5 Rc6 27. Rd7 Rfc8 28. b4 Nd6 29. Rxd6 Rxd6 30. cxd6 Rxc1 31. d7 1-0


[Site "https://www.chess.com"]

[Event "Titled Tuesday Blitz April 19 Late 2022"]
[White "Bas Mas, Jose Joaquin"]
[Black "Jaracz, Pawel"]
[WhiteFideId "22219064"]
[BlackFideId "1102222"]
[WhiteElo "2212"]
[BlackElo "2429"]
[Result "0-1"]
[Round "04"]
[TimeControl "180+1"]
[Date "2022.04.19"]
[WhiteClock "0:00:02"]
[BlackClock "0:00:34"]

1. e4 c5 2. Nc3 Nc6 3. Bb5 Nd4 4. Nf3 e6 5. Bc4 Qc7 6. O-O Nf6 7. d3 a6 8. Nxd4 cxd4 9. Ne2 Nxe4 10. dxe4 Qxc4 11. b3 Qc7 12. Nxd4 Be7 13. c4 O-O 14. Bb2 d6 15. Qe2 Bd7 16. Rac1 Qa5 17. Bc3 Qc5 18. b4 Qc7 19. a3 Rac8 20. Bb2 Qb8 21. Nf3 b5 22. c5 dxc5 23. Rfd1 Rfd8 24. Be5 Qb7 25. bxc5 Bxc5 26. Bb2 Bf8 27. Ne5 Be8 28. Ng4 Rxd1+ 29. Rxd1 Qe7 30. Qf3 Rc2 31. Qb3 Qc5 32. Rd8 Qc7 33. Rd1 h5 34. Ne3 Rc6 35. Ba1 Rc1 36. Qb2 Rxd1+ 37. Nxd1 Qc4 38. f3 f6 39. Ne3 Qd3 40. Kf2 Bc5 41. Qe2 Qxa3 42. Bb2 Bxe3+ 0-1


[Site "https://www.chess.com"]

[Event "Titled Tuesday Blitz April 19 Late 2022"]
[White "Bashirli, Nail"]
[Black "Debray, Christopher"]
[WhiteFideId "13406809"]
[BlackFideId "630810"]
[WhiteElo "2652"]
[BlackElo "2492"]
[Result "1-0"]
[Round "04"]
[TimeControl "180+1"]
[Date "2022.04.19"]
[WhiteClock "0:02:52"]
[BlackClock "0:02:30"]

1. e4 c6 2. Nc3 d5 3. Nf3 Nf6 4. e5 Ne4 5. Nxe4 dxe4 6. Ng5 Qd5 7. d4 exd3 8. Bxd3 Qxe5+ 9. Be3 h6 10. Ne4 Bf5 11. Qf3 Bxe4 12. Bxe4 Nd7 13. O-O-O Nf6 14. Bxc6+ 1-0


[Site "https://www.chess.com"]

[Event "Titled Tuesday Blitz April 19 Late 2022"]
[White "Bazeev, German"]
[Black "Alekseenko, Kirill"]
[WhiteFideId "24119350"]
[BlackFideId "4135539"]
[WhiteElo "2493"]
[BlackElo "2682"]
[Result "0-1"]
[Round "04"]
[TimeControl "180+1"]
[Date "2022.04.19"]
[WhiteClock "0:00:20"]
[BlackClock "0:00:08"]

1. d4 d5 2. Nf3 Nf6 3. c3 e6 4. Bf4 c5 5. e3 Nc6 6. Nbd2 Be7 7. Bd3 O-O 8. O-O Nh5 9. Be5 f6 10. Bg3 c4 11. Bc2 f5 12. a4 Nxg3 13. hxg3 Bd7 14. b3 cxb3 15. Bxb3 Bf6 16. c4 Be8 17. cxd5 exd5 18. Ne1 Bf7 19. Nd3 Re8 20. Qf3 g6 21. Nf4 Nb4 22. a5 g5 23. Ne2 Qd7 24. Nc3 Rac8 25. Rfc1 Nd3 26. Nxd5 Bh8 27. Rxc8 Rxc8 28. Qxf5 Qxf5 29. Ne7+ Kf8 30. Nxf5 Bg6 31. g4 h5 32. f3 Rc3 33. Bd5 Rc2 34. Ne4 Bxf5 35. gxf5 Nf4 36. g3 Nxd5 37. Rb1 Nxe3 38. f6 Rc7 39. a6 b6 40. Rb5 Kf7 41. Rxg5 Bxf6 42. Rxh5 Kg6 43. Nxf6 Kxf6 44. g4 Rc2 45. Rh7 Kg5 46. Re7 Kf4 0-1


[Site "https://www.chess.com"]

[Event "Titled Tuesday Blitz April 19 Late 2022"]
[White "Bilan, Danila"]
[Black "Mohammadian, Mohammad"]
[WhiteFideId "24161918"]
[BlackFideId "12566055"]
[WhiteElo "2164"]
[BlackElo "1544"]
[Result "1-0"]
[Round "04"]
[TimeControl "180+1"]
[Date "2022.04.19"]
[WhiteClock "0:00:22"]
[BlackClock "0:00:22"]

1. d4 Nf6 2. Nf3 g6 3. Bg5 Bg7 4. c3 d5 5. Nbd2 O-O 6. e3 c6 7. Bd3 Bg4 8. h3 Bc8 9. O-O Nbd7 10. Re1 Re8 11. e4 dxe4 12. Nxe4 Nxe4 13. Bxe4 Qb6 14. Qb3 Qxb3 15. axb3 e5 16. dxe5 Nxe5 17. Nxe5 Rxe5 18. Bf4 Re8 19. b4 Be6 20. b5 Bd5 21. Bxd5 cxd5 22. Rxe8+ Rxe8 23. Rxa7 d4 24. Rxb7 dxc3 25. bxc3 Bxc3 26. Rb8 Rxb8 27. Bxb8 Bd4 28. Bc7 Kf8 29. b6 Ke8 30. b7 Ba7 31. b8=Q+ Bxb8 32. Bxb8 Ke7 33. Kf1 Ke6 34. Ke2 f5 35. Ke3 g5 36. f4 h6 37. g3 Kf6 38. Be5+ Kg6 39. Kf3 Kh5 40. g4+ fxg4+ 41. hxg4+ Kg6 42. f5+ Kf7 43. Ke4 Kg8 44. f6 Kf7 45. Kf5 Kg8 46. Kg6 Kf8 47. f7 h5 48. Kf6 h4 49. Bd6# 1-0


[Site "https://www.chess.com"]

[Event "Titled Tuesday Blitz April 19 Late 2022"]
[White "Blackman, Justin"]
[Black "Baker, Chris W"]
[WhiteFideId "11100516"]
[BlackFideId "401676"]
[WhiteElo "2112"]
[BlackElo "2229"]
[Result "0-1"]
[Round "04"]
[TimeControl "180+1"]
[Date "2022.04.19"]
[WhiteClock "0:01:23"]
[BlackClock "0:00:24"]

1. e4 e5 2. Nc3 Nf6 3. Bc4 Nc6 4. d3 Bb4 5. Nf3 d5 6. exd5 Nxd5 7. Bd2 Be6 8. Bb5 Nxc3 9. bxc3 Bd6 10. Bxc6+ bxc6 11. h3 h6 12. O-O O-O 13. Re1 Qf6 14. c4 Rfe8 15. Bc3 Bf5 16. Nd2 Qg6 17. Qf3 Rab8 18. Re2 Bb4 19. Bxb4 Rxb4 20. Nb3 e4 21. Qg3 Qxg3 22. fxg3 Bg6 23. Nd4 c5 24. Nb3 Re5 25. Rae1 f5 26. g4 fxg4 27. hxg4 Ra4 28. Kh2 Rxa2 29. Kg3 a5 30. Kf4 Re8 31. Nxc5 Rf8+ 32. Kg3 exd3 33. cxd3 Rxe2 34. Rxe2 Rd8 35. Kf4 Bxd3 36. Re7 Bxc4 37. Rxc7 Bf7 38. Ra7 Rd4+ 39. Kg3 Rc4 40. Rxa5 Kh7 41. Nd3 Rc3 0-1


[Site "https://www.chess.com"]

[Event "Titled Tuesday Blitz April 19 Late 2022"]
[White "Bluebaum, Matthias"]
[Black "Tregubov, Pavel V."]
[WhiteFideId "24651516"]
[BlackFideId "4115341"]
[WhiteElo "2550"]
[BlackElo "2341"]
[Result "1-0"]
[Round "04"]
[TimeControl "180+1"]
[Date "2022.04.19"]
[WhiteClock "0:00:26"]
[BlackClock "0:00:16"]

1. d4 Nf6 2. c4 e6 3. Nc3 Bb4 4. e3 O-O 5. Bd2 d5 6. Nf3 b6 7. cxd5 exd5 8. Bd3 Bb7 9. Qc2 a6 10. a3 Bd6 11. g4 Re8 12. g5 Ne4 13. h4 c5 14. h5 cxd4 15. Nxd4 Qxg5 16. Bxe4 dxe4 17. O-O-O Qf6 18. Kb1 Nd7 19. Nce2 Rac8 20. Bc3 Be5 21. Ng3 Nc5 22. Rhg1 Nd3 23. Ngf5 g6 24. Nh6+ Kf8 25. Ng4 Qd6 26. Nxe5 Rxe5 27. hxg6 fxg6 28. Rh1 Rc7 29. f3 Rec5 30. fxe4 Bxe4 31. Rhf1+ Kg8 32. Rxd3 Qd5 33. Ne6 Rf7 34. Rxf7 Kxf7 35. Nxc5 Qxc5 36. Rd7+ 1-0


[Site "https://www.chess.com"]

[Event "Titled Tuesday Blitz April 19 Late 2022"]
[White "Bordi, Kevin"]
[Black "Jacobson, Brandon"]
[WhiteFideId "621862"]
[BlackFideId "30901561"]
[WhiteElo "2723"]
[BlackElo "2362"]
[Result "0-1"]
[Round "04"]
[TimeControl "180+1"]
[Date "2022.04.19"]
[WhiteClock "0:00:17"]
[BlackClock "0:00:48"]

1. e4 c5 2. Nf3 d6 3. d4 cxd4 4. Nxd4 Nf6 5. Nc3 Nc6 6. Be2 e5 7. Nb3 Be7 8. O-O O-O 9. f4 a5 10. a4 Nb4 11. Be3 Be6 12. Kh1 Rc8 13. Qd2 Nxe4 14. Nxe4 Rxc2 15. Qe1 Bxb3 16. f5 f6 17. Bd1 Bd5 18. Bf3 Bc6 19. Rd1 d5 20. Qh4 Qe8 21. Bh5 g6 22. Qg4 Bd7 23. Bh6 Kh8 24. Bxf8 Qxf8 25. Bxg6 hxg6 26. Rf3 Bxf5 27. Qh4+ Kg8 28. Ng3 Be6 29. Rdf1 Qg7 30. Nh5 gxh5 31. Qxh5 Qxg2# 0-1


[Site "https://www.chess.com"]

[Event "Titled Tuesday Blitz April 19 Late 2022"]
[White "Bowden, Karl"]
[Black "Skliarov, Viktor"]
[WhiteFideId "400548"]
[BlackFideId "14106736"]
[WhiteElo "2334"]
[BlackElo "2229"]
[Result "0-1"]
[Round "04"]
[TimeControl "180+1"]
[Date "2022.04.19"]
[WhiteClock "0:00:02"]
[BlackClock "0:00:21"]

1. e4 c5 2. c3 d6 3. d4 Nf6 4. Bd3 g6 5. dxc5 dxc5 6. e5 Nh5 7. f4 Nc6 8. Nf3 Bh6 9. g3 Bh3 10. Qe2 O-O 11. Be3 Qd7 12. Nbd2 Rad8 13. Be4 b6 14. O-O-O Bf5 15. Nh4 Bxe4 16. Nxe4 Qe6 17. Kb1 f5 18. Nd2 Na5 19. Ndf3 Ng7 20. Ng2 Qc6 21. Bc1 b5 22. h4 Nh5 23. Qf2 e6 24. b3 b4 25. c4 Qe4+ 26. Kb2 Nc6 0-1


[Site "https://www.chess.com"]

[Event "Titled Tuesday Blitz April 19 Late 2022"]
[White "Bryakin, Mikhail"]
[Black "Hnydiuk, Aleksander"]
[WhiteFideId "4165314"]
[BlackFideId "1109057"]
[WhiteElo "2417"]
[BlackElo "2374"]
[Result "1/2-1/2"]
[Round "04"]
[TimeControl "180+1"]
[Date "2022.04.19"]
[WhiteClock "0:01:26"]
[BlackClock "0:00:04"]

1. e4 Nf6 2. e5 Nd5 3. Nf3 d6 4. d4 dxe5 5. dxe5 Bg4 6. Be2 Nc6 7. h3 Bxf3 8. Bxf3 e6 9. Bxd5 Qxd5 10. Qxd5 exd5 11. f4 Bc5 12. c3 O-O-O 13. Nd2 Rhe8 14. Nb3 Bb6 15. Kd1 h5 16. Re1 h4 17. Bd2 Bf2 18. Re2 Bg3 19. Nd4 Ne7 20. Kc2 a6 21. Rf1 c5 22. Nb3 b6 23. Be1 Nf5 24. Rf3 Kc7 25. Nd2 d4 26. Bxg3 Nxg3 27. Re1 Nf5 28. Ne4 f6 29. Nd2 Ne3+ 30. Rexe3 dxe3 31. Rxe3 fxe5 32. fxe5 Rd5 33. Nf3 Re6 34. Re4 g5 35. c4 Rd7 36. Nxg5 Rg6 37. e6 Re7 38. Re5 Kd6 39. Nf7+ Kc7 40. Ng5 Kd6 41. Rd5+ Kc6 42. Kd3 Reg7 43. Nf7 Rg3+ 44. Ke4 Rxg2 45. Rd7 Re2+ 46. Kf5 Rf2+ 47. Ke5 Re2+ 48. Kf6 Rg6+ 49. Kf5 Rexe6 50. Ra7 Ref6+ 51. Ke5 Re6+ 52. Kf5 Ref6+ 53. Ke5 Re6+ 54. Kf5 1/2-1/2


[Site "https://www.chess.com"]

[Event "Titled Tuesday Blitz April 19 Late 2022"]
[White "Carrasco Miranda, Andres"]
[Black "Zhou, Qiyu"]
[WhiteFideId "3405990"]
[BlackFideId "505161"]
[WhiteElo "2177"]
[BlackElo "1925"]
[Result "0-1"]
[Round "04"]
[TimeControl "180+1"]
[Date "2022.04.19"]
[WhiteClock "0:00:01"]
[BlackClock "0:01:29"]

1. d4 Nf6 2. c4 e6 3. g3 d5 4. Nf3 Bb4+ 5. Nbd2 O-O 6. Bg2 b6 7. cxd5 exd5 8. O-O Ba6 9. Re1 Re8 10. a3 Bd6 11. b4 Nbd7 12. Bb2 Rc8 13. Qa4 Bxe2 14. Bh3 a6 15. Ne5 Bb5 16. Qb3 c5 17. bxc5 bxc5 18. a4 Bc6 19. Nxc6 Rxc6 20. Rxe8+ Qxe8 21. dxc5 Nxc5 22. Qf3 Nce4 23. Nxe4 dxe4 24. Qe3 Be5 0-1


[Site "https://www.chess.com"]

[Event "Titled Tuesday Blitz April 19 Late 2022"]
[White "Caruana, Fabiano"]
[Black "Goncalves, Ivan Mesquita V"]
[WhiteFideId "2020009"]
[BlackFideId "2114224"]
[WhiteElo "2744"]
[BlackElo "2299"]
[Result "1-0"]
[Round "04"]
[TimeControl "180+1"]
[Date "2022.04.19"]
[WhiteClock "0:00:55"]
[BlackClock "0:00:01"]

1. e4 c5 2. Nf3 e6 3. c3 Nf6 4. Bd3 g5 5. O-O g4 6. Ne5 h5 7. Re1 d6 8. Bb5+ Nbd7 9. Nxd7 Bxd7 10. Bxd7+ Qxd7 11. d4 d5 12. exd5 Qxd5 13. Bf4 Be7 14. Na3 a6 15. Be5 cxd4 16. cxd4 h4 17. Nc2 Rg8 18. Ne3 Qd7 19. Qe2 Nd5 20. Nxg4 h3 21. Bg3 hxg2 22. Ne5 Qd8 23. Qh5 Rf8 24. Nd3 Qb6 25. Nc5 Qxb2 26. Nxe6 Rg8 27. Qxd5 fxe6 28. Qxe6 Rg7 29. d5 Qb4 1-0


[Site "https://www.chess.com"]

[Event "Titled Tuesday Blitz April 19 Late 2022"]
[White "Constantinou, Peter"]
[Black "Mirza, Diana"]
[WhiteFideId "413038"]
[BlackFideId "2503999"]
[WhiteElo "2230"]
[BlackElo "1813"]
[Result "1-0"]
[Round "04"]
[TimeControl "180+1"]
[Date "2022.04.19"]
[WhiteClock "0:02:09"]
[BlackClock "0:01:07"]

1. e4 e5 2. Bc4 Nf6 3. d4 exd4 4. Nf3 Nxe4 5. Qxd4 Qe7 6. O-O Nc6 7. Qd1 d6 8. Re1 Bf5 9. Nbd2 O-O-O 10. Bd5 Nxd2 11. Rxe7 Nxf3+ 12. Qxf3 Nxe7 13. Bxb7+ Kb8 14. Ba6 d5 15. Bg5 Be4 16. Qb3+ Ka8 17. Qb7# 1-0


[Site "https://www.chess.com"]

[Event "Titled Tuesday Blitz April 19 Late 2022"]
[White "Czopor, Maciej"]
[Black "Golubev, Mikhail"]
[WhiteFideId "21805431"]
[BlackFideId "14100983"]
[WhiteElo "1999"]
[BlackElo "2374"]
[Result "1-0"]
[Round "04"]
[TimeControl "180+1"]
[Date "2022.04.19"]
[WhiteClock "0:00:19"]
[BlackClock "0:00:32"]

1. d4 Nf6 2. c4 g6 3. Nc3 Bg7 4. e4 d6 5. Be2 O-O 6. Be3 c5 7. d5 e6 8. h4 exd5 9. exd5 h5 10. Nh3 Re8 11. Qd2 a6 12. a4 Bxh3 13. Rxh3 Nbd7 14. a5 Ne4 15. Nxe4 Rxe4 16. Bd3 Rxh4 17. Rxh4 Qxh4 18. O-O-O b6 19. axb6 Rb8 20. Kc2 Rxb6 21. b3 Qd8 22. Bg5 Qb8 23. Rb1 Ne5 24. f4 Nxd3 25. Qxd3 a5 26. f5 a4 27. fxg6 axb3+ 28. Rxb3 Rxb3 29. Qxb3 Qxb3+ 30. Kxb3 fxg6 31. Ka4 Kf7 32. Kb5 Bf8 33. Kc6 Be7 34. Bf4 g5 35. Bxd6 h4 36. Bxe7 Kxe7 37. Kc7 1-0


[Site "https://www.chess.com"]

[Event "Titled Tuesday Blitz April 19 Late 2022"]
[White "Davtyan, David Arm."]
[Black "Khripachenko, Alexander"]
[WhiteFideId "13310046"]
[BlackFideId "54184975"]
[WhiteElo "2158"]
[BlackElo "2193"]
[Result "0-1"]
[Round "04"]
[TimeControl "180+1"]
[Date "2022.04.19"]
[WhiteClock "0:01:34"]
[BlackClock "0:00:51"]

1. c4 e5 2. Nc3 Bb4 3. g3 Bxc3 4. dxc3 Nf6 5. Bg2 O-O 6. Nf3 Re8 7. Nd2 e4 8. Nf1 h6 9. Ne3 Nc6 10. O-O d6 11. b3 a5 12. a4 Be6 13. Qc2 Qd7 14. Rd1 Bh3 15. Bh1 Qe6 16. Nd5 Rac8 17. Nf4 Qf5 18. Be3 Bg4 19. Rd5 Nxd5 20. cxd5 Ne5 21. Bxe4 Qd7 22. f3 f5 23. fxg4 fxe4 24. g5 Ng4 25. Bd4 hxg5 26. Ne6 Rxe6 27. dxe6 Qxe6 28. Rf1 c5 29. Bf2 Rf8 30. Qc1 e3 31. Be1 Rxf1+ 32. Kxf1 Nxh2+ 33. Kg2 Ng4 34. c4 Qe4+ 35. Kh3 Nf6 36. Bc3 b6 37. Bxf6 gxf6 38. Qc3 Kf7 0-1


[Site "https://www.chess.com"]

[Event "Titled Tuesday Blitz April 19 Late 2022"]
[White "Demchenko, Anton"]
[Black "Petrovic, Aleksa"]
[WhiteFideId "4160258"]
[BlackFideId "967629"]
[WhiteElo "2539"]
[BlackElo "2198"]
[Result "1-0"]
[Round "04"]
[TimeControl "180+1"]
[Date "2022.04.19"]
[WhiteClock "0:00:23"]
[BlackClock "0:00:02"]

1. e4 c5 2. Nf3 e6 3. d4 cxd4 4. Nxd4 a6 5. Bd3 Nf6 6. O-O Qc7 7. Qe2 d6 8. c4 g6 9. Nc3 Bg7 10. Be3 O-O 11. f3 b6 12. Rac1 Bb7 13. Qd2 Nfd7 14. Rfd1 Ne5 15. Bf1 Rc8 16. b3 Nbd7 17. Bh6 Bxh6 18. Qxh6 Qd8 19. h3 g5 20. Nc2 Nf8 21. h4 gxh4 22. Ne3 Neg6 23. Ng4 f5 24. exf5 exf5 25. Ne3 Qf6 26. Ncd5 Bxd5 27. Nxd5 Qd8 28. Re1 Ra7 29. Re8 Qxe8 30. Nf6+ Kh8 31. Nxe8 Rxe8 32. Rd1 Rae7 33. Kf2 f4 34. Rxd6 Re5 35. Bd3 Ra5 36. a4 Ree5 37. Bxg6 Nxg6 38. Rxg6 1-0


[Site "https://www.chess.com"]

[Event "Titled Tuesday Blitz April 19 Late 2022"]
[White "Dilmukhametov, Artur"]
[Black "Omariev, Maksim"]
[WhiteFideId "24179922"]
[BlackFideId "4193423"]
[WhiteElo "2244"]
[BlackElo "2507"]
[Result "0-1"]
[Round "04"]
[TimeControl "180+1"]
[Date "2022.04.19"]
[WhiteClock "0:00:41"]
[BlackClock "0:00:16"]

1. e4 c5 2. Nf3 d6 3. Bb5+ Nd7 4. O-O a6 5. Bxd7+ Bxd7 6. h3 e5 7. c3 Nf6 8. d4 Qc7 9. dxe5 dxe5 10. Qe2 Bc6 11. Nbd2 Be7 12. Nc4 Bxe4 13. Nfxe5 b5 14. Bg5 Bb7 15. Ng4 bxc4 16. Nxf6+ gxf6 17. Bxf6 Rg8 18. Rfe1 O-O-O 19. Qxe7 Rxg2+ 20. Kf1 Rxf2+ 21. Kxf2 Qh2+ 22. Ke3 Qd2# 0-1


[Site "https://www.chess.com"]

[Event "Titled Tuesday Blitz April 19 Late 2022"]
[White "Djokic, Mihailo"]
[Black "Hambleton, Aman"]
[WhiteFideId "976440"]
[BlackFideId "2606577"]
[WhiteElo "2202"]
[BlackElo "2552"]
[Result "1-0"]
[Round "04"]
[TimeControl "180+1"]
[Date "2022.04.19"]
[WhiteClock "0:00:19"]
[BlackClock "0:00:01"]

1. e4 b6 2. d4 Bb7 3. Bd3 e6 4. Nf3 d5 5. e5 Ba6 6. Bxa6 Nxa6 7. O-O Qd7 8. Nc3 Ne7 9. Ne2 c5 10. c3 Nc7 11. Be3 Nf5 12. Qd2 Be7 13. Rfd1 Nxe3 14. fxe3 O-O 15. Ng3 Rad8 16. a4 a5 17. Kh1 f6 18. exf6 Bxf6 19. Re1 h6 20. Nh5 Ne8 21. Qf2 Nd6 22. Nxf6+ Rxf6 23. Qh4 Rdf8 24. Ne5 Qe8 25. Kg1 Ne4 26. Nd3 c4 27. Nf4 g5 28. Qg4 Kh7 29. Nh3 Qf7 30. Qe2 Rf5 31. g3 Kg6 32. Kg2 Qd7 33. Rf1 Rxf1 34. Rxf1 Rxf1 35. Qxf1 Qxa4 36. Qe2 Qa2 37. Qc2 Kg7 38. Kf3 Qa1 39. Kg2 1-0


[Site "https://www.chess.com"]

[Event "Titled Tuesday Blitz April 19 Late 2022"]
[White "Wagner, Dinara"]
[Black "Szpar, Milosz"]
[WhiteFideId "24157570"]
[BlackFideId "1184989"]
[WhiteElo "2496"]
[BlackElo "2670"]
[Result "0-1"]
[Round "04"]
[TimeControl "180+1"]
[Date "2022.04.19"]
[WhiteClock "0:00:12"]
[BlackClock "0:01:25"]

1. d4 Nf6 2. c4 e5 3. dxe5 Ng4 4. Nf3 Nc6 5. g3 Bb4+ 6. Bd2 Bxd2+ 7. Qxd2 Ngxe5 8. Nxe5 Nxe5 9. Qc3 Qe7 10. Bg2 O-O 11. O-O Re8 12. Nd2 Nc6 13. e3 b6 14. Rad1 Bb7 15. Nf3 Rad8 16. Nd4 Nxd4 17. Rxd4 Bxg2 18. Kxg2 d6 19. Rfd1 Qe5 20. Qc2 Re6 21. Rd5 Qf6 22. Rh5 g6 23. Rhd5 c6 24. R5d4 Qe5 25. b4 h5 26. h4 a5 27. a3 Rf6 28. b5 d5 29. cxd5 cxb5 30. Qb3 Qd6 31. Qxb5 Qxa3 32. R1d2 Qd6 33. Qc4 Rd7 34. Qc8+ Kg7 35. Qc3 Rc7 36. Qb2 Kh7 37. Qb3 Rc5 38. Rb2 b5 39. e4 b4 40. Qe3 Qe5 41. f4 Qc7 42. e5 Rb6 43. d6 Qd7 44. Rdxb4 Qc6+ 45. Re4 Rxb2+ 46. Kh3 Rcc2 47. g4 Rh2+ 48. Kg3 Rbg2+ 49. Kf3 Rh3+ 50. Kxg2 Rxe3 0-1


[Site "https://www.chess.com"]

[Event "Titled Tuesday Blitz April 19 Late 2022"]
[White "Dubov, Daniil"]
[Black "Wieczorek, Oskar"]
[WhiteFideId "24126055"]
[BlackFideId "1133950"]
[WhiteElo "2791"]
[BlackElo "2319"]
[Result "1-0"]
[Round "04"]
[TimeControl "180+1"]
[Date "2022.04.19"]
[WhiteClock "0:01:05"]
[BlackClock "0:00:04"]

1. e4 c5 2. Nf3 d6 3. Nc3 Nc6 4. d4 cxd4 5. Nxd4 Nf6 6. Bg5 Bd7 7. Qd2 Rc8 8. Nxc6 Bxc6 9. f3 a6 10. O-O-O e6 11. Kb1 b5 12. Ne2 h6 13. Be3 Be7 14. Nd4 Bb7 15. g4 Nd7 16. h4 Ne5 17. Qg2 d5 18. f4 Nc4 19. Bxc4 bxc4 20. g5 hxg5 21. hxg5 Rxh1 22. Qxh1 g6 23. f5 e5 24. fxg6 exd4 25. gxf7+ Kxf7 26. Qh5+ Ke6 27. Bf4 dxe4 28. Qg4+ Kd5 29. Qf5+ Kc6 30. Qxe4+ Kb6 31. Qf5 Ka7 32. g6 Qd5 33. Be5 Bc5 34. g7 Qe4 35. Qxc8 Bxc8 36. g8=Q Bf5 37. Qb8# 1-0


[Site "https://www.chess.com"]

[Event "Titled Tuesday Blitz April 19 Late 2022"]
[White "Fernandez Hernandez, Gerardo"]
[Black "Senthilkumar, Pranav"]
[WhiteFideId "2207400"]
[BlackFideId "2083477"]
[WhiteElo "2148"]
[BlackElo "2473"]
[Result "1/2-1/2"]
[Round "04"]
[TimeControl "180+1"]
[Date "2022.04.19"]
[WhiteClock "0:00:09"]
[BlackClock "0:00:20"]

1. e4 c5 2. d3 Nc6 3. g3 g6 4. Bg2 Bg7 5. f4 e6 6. Nf3 Nge7 7. O-O b6 8. c3 O-O 9. Be3 d5 10. e5 Ba6 11. Re1 d4 12. cxd4 cxd4 13. Bf2 h6 14. Qe2 h5 15. Nbd2 Nf5 16. Nc4 Nb4 17. a3 Nd5 18. Nxd4 Nxd4 19. Bxd4 Nxf4 20. gxf4 Qxd4+ 21. Qe3 Qxe3+ 22. Rxe3 Rad8 23. Nd6 Bh6 24. Rf3 f6 25. d4 fxe5 26. fxe5 Rxf3 27. Bxf3 Be3+ 28. Kg2 Bxd4 29. Re1 Bxb2 30. Nb7 Bxb7 31. Bxb7 Rd2+ 32. Kh3 Bxa3 33. Bc8 Kf7 34. Rf1+ Ke7 35. Rf6 Rd8 36. Bxe6 Bb2 37. Rxg6 Bxe5 38. Bc4 Rd2 39. Re6+ Kd7 40. Rxe5 a5 41. Bb5+ Kd6 42. Rxh5 Rb2 43. Kg4 a4 44. Bxa4 Rb4+ 45. Kf5 Rxa4 46. Rh6+ Kc5 47. h4 b5 48. h5 b4 49. Rh8 Ra1 50. h6 Rf1+ 51. Kg6 Rg1+ 52. Kf6 Rh1 53. Kg7 Kc4 54. h7 Rg1+ 55. Kf7 Rf1+ 56. Kg7 Rg1+ 57. Kf7 Rh1 58. Rc8+ Kb3 59. Kg7 Rg1+ 60. Kf7 Rf1+ 61. Kg7 Rg1+ 62. Kf7 Rh1 63. Kg7 Ka2 64. h8=Q Rxh8 65. Kxh8 b3 66. Rb8 b2 67. Rxb2+ Kxb2 1/2-1/2


[Site "https://www.chess.com"]